 Dungeon Crawl Stone Soup version 0.15.2 (webtiles) character file.

39 MisterOstroum the Insei (level 3, -4/29 HPs)
             Began as a Mummy Monk on Jan 16, 2020.
             Slain by an adder (5 damage)
             ... on Level 2 of the Dungeon on Jan 27, 2020.
             The game lasted 00:14:11 (3861 turns).

MisterOstroum the Insei (Mummy Monk)                Turns: 3861, Time: 00:14:11

HP  -4/29        AC  0     Str 14      XL: 3   Next: 28%
MP   3/3         EV 13     Int  9      God:
Gold 58          SH  0     Dex 15      Spells:  0 memorised,  2 levels left

rFire  x . .     SeeInvis .       - Unarmed
rCold  + . .     Clarity  .     (no armour)
rNeg   + + +     rCorr    .     (no shield)
rPois  +         rRot     +     (no helmet)
rElec  .         Spirit   .     (no cloak)
SustAb .         Warding  .     (no gloves)
rMut   .         Stasis   .     (no boots)
Gourm  .                        (no amulet)
MR     .....                    (no ring)
                                (no ring)

@: not resistant to hostile enchantments, unstealthy
A: no food or potions, fire vulnerability, restore body, cold resistance 1,
negative energy resistance 3, poison resistance, torment resistance, unbreathing
a: no special abilities


You were on level 2 of the Dungeon.
You were not hungry.

You visited 1 branch of the dungeon, and saw 2 of its levels.

You collected 58 gold pieces.

Inventory:

Scrolls
 d - a scroll of remove curse {!r, unknown}
 g - 2 scrolls of noise {!r, unknown}
Potions
 a - 2 potions of lignification (quivered) {unknown}
 c - 2 potions of curing {unknown}
 p - 2 potions of brilliance {unknown}


   Skills:
 * Level 3.4 Fighting
 - Level 2.4 Dodging
 + Level 2.1 Stealth
 * Level 3.7 Unarmed Combat


You had 2 spell levels left.
You didn't know any spells.

Dungeon Overview and Level Annotations

Branches:
Dungeon (2/15)

Altars:
Ashenzari

Annotations:
D:2 exclusion: adder


Innate Abilities, Weirdness & Mutations

You do not eat or drink.
Your flesh is vulnerable to fire.
Your flesh is cold resistant.
You are immune to negative energy.
Your system is resistant to poisons.
You are immune to unholy pain and torment.
You can survive without breathing.


Message History

The goblin shoots a sling bullet of frost.
The sling bullet of frost hits you! The sling bullet of frost freezes you.
You see here a sling bullet of frost.
You barely miss the goblin.
The goblin unwields an uncursed hunting sling.
The goblin misses you.
You closely miss the goblin. The goblin closely misses you.
You hit the goblin but do no damage. The goblin closely misses you.
You hit the goblin.
You kill the goblin!
b - 9 sling bullets of frost {=f} You see here an uncursed hunting sling.
c - an uncursed hunting sling You see here a sling bullet of frost.
b - 10 sling bullets of frost {=f} (gained 1)
Found 2 fizzy brown potions.
Found a staircase leading out of the dungeon.
HP restored.
There is an open door here.
There is an open door here.
Found a shattered altar of Ashenzari.
There is an open door here.
There is an open door here.
There is an open door here.
There is an open door here.
There is an open door here.
Done exploring.
Done exploring.
There is a stone staircase leading down here.
You climb downwards.
Found an escape hatch in the ceiling.
There is a stone staircase leading up here.
Found a club and a meat ration.
An adder comes into view.
Found a short sword.
Unknown command.
Press: ? - help, v - describe, . - travel
Here: an adder (resting)
The floor.
Placed new exclusion.
There is a stone staircase leading up here.
You climb upwards.
There is a stone staircase leading down here.
There is an open door here.
There is an open door here.
There is an open door here.
There is a staircase leading out of the dungeon here.
Items here: !!! (( )))))))) [ Drop what? (_ for help) (? for menu, Esc to quit)
You drop 10 sling bullets of frost {=f}.
You drop an uncursed hunting sling.
Okay, then.
p - 2 fizzy brown potions;
c - 2 green potions
a - 2 silvery potions (gained 1)
A centaur skeleton comes into view.
You can't go down here!
(D) Dungeon
Where to? (Enter - D:1 @ (x,y), ? - help)
The centaur skeleton is too close now for your liking.
Press: ? - help, v - describe, . - travel
Here: a centaur skeleton The floor.
There is a stone staircase leading down here.
You climb downwards.
Level annotation: exclusion: adder The kobold shouts!
There is a stone staircase leading up here.
A hobgoblin comes into view. It is wielding a club.
You barely miss the kobold. The kobold hits you with a short sword.
You hit the kobold.
The kobold is heavily wounded.
The kobold barely misses you.
You hit the kobold.
You kill the kobold!
You closely miss the hobgoblin. The hobgoblin hits you with a club.
You hit the hobgoblin but do no damage. You hit the hobgoblin but do no damage.
The hobgoblin hits you with a club!
An adder comes into view.
Found a bread ration.
The adder closely misses you.
You hit the hobgoblin. You punch the hobgoblin.
You kill the hobgoblin!
The adder barely misses you.
You see here a club.
The adder barely misses you.
You miss the adder. The adder bites you.
* * * LOW HITPOINT WARNING * * *
You barely miss the adder. The adder bites you.
* * * LOW HITPOINT WARNING * * *
You closely miss the adder. The adder bites you.
* * * LOW HITPOINT WARNING * * *
A bat comes into view.
You hit the adder.
The adder is moderately wounded.
The adder bites you.
* * * LOW HITPOINT WARNING * * *
You hit the adder.
The adder is severely wounded.
The adder bites you.
You die...

...
.####.#######
............#
.....g.....#
.####.#..<#
#)#.# #b#...
#.##### #@#
#S# #####)#
#..%..#
#.#####


You could see an adder and a bat.

Vanquished Creatures
  An ooze (D:1)
  9 bats (D:1)
  5 giant cockroaches (D:1)
  7 goblins (D:1)
  3 hobgoblins
  4 kobolds
  A ball python (D:1)
  A giant newt (D:1)
  4 rats (D:1)
35 creatures vanquished.

Notes
Turn   | Place    | Note
--------------------------------------------------------------
     0 | D:1      | MisterOstroum, the Mummy Monk, began the quest for the Orb.
     0 | D:1      | Reached XP level 1. HP: 18/18 MP: 1/1
   810 | D:1      | Reached XP level 2. HP: 22/24 MP: 2/2
  1375 | D:1      | Found a shattered altar of Ashenzari.
  1515 | D:1      | Reached XP level 3. HP: 26/29 MP: 3/3
  2188 | D:1      | Found a shattered altar of Ashenzari.
  2638 | D:1      | Found a shattered altar of Ashenzari.
  3545 | D:1      | Found a shattered altar of Ashenzari.
  3830 | D:1      | Noticed a centaur skeleton
  3860 | D:2      | HP: 1/29 [adder (1)]
  3861 | D:2      | Slain by an adder

Action                   || total
-------------------------++-------
Melee: Unarmed           ||   163
 Stab: Sleeping          ||     2
